 Dungeon Crawl Stone Soup version 0.27-a0-1105-g946c659c87 (webtiles) character file.

Game seed: 9668643231810745811

9076 DogServant the Thaumaturge (level 11, 0/121 HPs)
             Began as a Gnoll Venom Mage on Apr 29, 2021.
             Was an Elder of Okawaru.
             Slain by a wolf (4 damage)
             ... on level 1 of the Lair of Beasts.
             The game lasted 00:36:34 (12802 turns).

DogServant the Thaumaturge (Gnoll Venom Mage)      Turns: 12802, Time: 00:36:34

Health: 0/121      AC: 25    Str: 15    XL:     11   Next: 40%
Magic:  2/23       EV:  2    Int: 17    God:    Okawaru [****..]
Gold:   558        SH:  0    Dex: 12    Spells: 6/26 levels left

rFire    . . .     SeeInvis +   j - +7 flail of Ascent {vorpal, rElec rC- rCorr SInv}
rCold    x . .     Faith    .   (no shield)
rNeg     + + +     Spirit   .   (armour currently unavailable)
rPois    +         Reflect  .   (helmet currently unavailable)
rElec    +         Harm     .   (cloak currently unavailable)
rCorr    +         Rampage  .   (gloves currently unavailable)
Will     .....     NoTele   +   (boots currently unavailable)
Stlth    +++++.....             (no amulet)
HPRegen  0.30/turn              t - +6 ring of strength
MPRegen  0.18/turn              g - ring of wizardry

@: tree-form, heroic
A: stationary, stasis, torment immunity, boosted hp, (fangs 1), strong nose,
distributed training
a: Renounce Religion, Heroism


You were on level 1 of the Lair of Beasts.
You worshipped Okawaru.
Okawaru was greatly pleased with you.
You were a tree.
You visited 2 branches of the dungeon, and saw 12 of its levels.

You collected 558 gold pieces.

Inventory:

Hand Weapons
 j - the +7 flail of Ascent (weapon) {vorpal, rElec rC- rCorr SInv}
   (You found it on level 6 of the Dungeon)

   It inflicts extra damage upon your enemies.
   It makes you vulnerable to cold.
   It insulates you from electricity.
   It lets you see invisible.
   It protects you from acid and corrosion.
Missiles
 A - a throwing net
 B - 5 curare-tipped darts (quivered)
Armour
 c - a +0 cloak
 m - a scarf of resistance (melded)
 n - a +3 leather armour of cold resistance
 r - a +2 ring mail of fire resistance (melded)
 s - a +0 pair of boots (melded)
 x - a +0 cloak of preservation
 E - a +1 robe of fire resistance
Magical Staves
 y - a staff of fire
Jewellery
 g - a ring of wizardry (right branch)
 t - a +6 ring of strength (left branch)
 w - a ring of protection from fire
 C - a ring of protection from cold
Wands
 a - a wand of digging (1)
 h - a wand of paralysis (3)
 z - a wand of iceblast (5)
Scrolls
 k - a scroll of magic mapping
 p - 2 scrolls of identify
 q - a scroll of amnesia
Potions
 d - 3 potions of flight
 e - a potion of curing
 f - 3 potions of lignification
 i - a potion of berserk rage
 o - a potion of brilliance
 u - a potion of invisibility {unknown}
 v - 2 potions of might


   Skills:
 + Level 6.2(11.2) Fighting
 + Level 6.2(11.2) Short Blades
 + Level 6.2(11.2) Long Blades
 + Level 6.2(11.2) Axes
 + Level 6.2(11.2) Maces & Flails
 + Level 6.2(11.2) Polearms
 + Level 6.2(11.2) Staves
 + Level 6.2(11.2) Slings
 + Level 6.2(11.2) Bows
 + Level 6.2(11.2) Crossbows
 + Level 6.2(11.2) Throwing
 + Level 6.2(11.2) Armour
 + Level 7.8(12.8) Dodging
 + Level 7.6(12.6) Stealth
 + Level 6.2(11.2) Shields
 + Level 6.2(11.2) Unarmed Combat
 + Level 8.1 Spellcasting
 + Level 5.2 Conjurations
 + Level 5.2 Hexes
 + Level 5.2 Summonings
 + Level 5.2 Necromancy
 + Level 5.2 Translocations
 + Level 5.6 Transmutations
 + Level 5.2 Fire Magic
 + Level 5.2 Ice Magic
 + Level 5.2 Air Magic
 + Level 5.2 Earth Magic
 + Level 7.6 Poison Magic
 + Level 6.9 Invocations
 + Level 6.2 Evocations


You had 6 spell levels left.
You knew the following spells:

 Your Spells              Type           Power      Damage    Failure   Level
a - Sting                 Tmut/Pois      100%       1d8       1%          1
b - Poisonous Vapours     Pois/Air       56%        N/A       1%          2
c - Ignite Poison         Fire/Tmut/Pois 27%        N/A       1%          3
d - Mephitic Cloud        Conj/Pois/Air  27%        N/A       1%          3
e - Olgreb's Toxic Radia  Pois           32%        N/A       1%          4
f - Stone Arrow           Conj/Erth      48%        3d10      1%          3
g - Airstrike             Air            12%        N/A       4%          4

Your spell library contained the following spells:

 Spells                   Type           Power      Damage    Failure   Level
 Animate Skeleton         Necr           48%        N/A       1%          1
 Apportation              Tloc           48%        N/A       1%          1
 Corona                   Hex            26%        N/A       1%          1
 Sandblast                Erth           48%        2d12      1%          1
 Shock                    Conj/Air       96%        1d9       1%          1
 Summon Small Mammal      Summ           96%        N/A       1%          1
 Passwall                 Tmut/Erth      20%        N/A       1%          2
 Static Discharge         Conj/Air       24%        N/A       1%          2
 Swiftness                Air            24%        N/A       1%          3
 Petrify                  Tmut/Erth      25%        N/A       4%          4
 Lee's Rapid Deconstruct  Erth           12%        3d9*      14%         5
 Lightning Bolt           Conj/Air       12%        1d25      14%         5


Dungeon Overview and Level Annotations

Branches:
Dungeon (11/15)            Temple (0/1) D:6            Lair (1/6) D:9
    Orc (0/2) D:9

Altars:
Ashenzari
Cheibriados
Elyvilon
Gozag
Hepliaklqana
Okawaru
Qazlal
Ru
Sif Muna
Uskayaw
Wu Jian
Xom
Yredelemnul
Zin

Shops:
D:9 [

Annotations:
D:5 4 exclusions, Grinder, Menkaure


Innate Abilities, Weirdness & Mutations

You are a tree.
Your roots penetrate the ground, keeping you stationary.
You cannot be teleported.
You are immune to unholy pain and torment.
Your maximum health is greatly increased.
Your equipment is partially melded.
((You have very sharp teeth.))
Your uncanny sense of smell can sniff out nearby items.
Your experience applies equally to all skills.


Message History

The wolf howls! x2
A wolf comes into view.
The wolf howls!
A blink frog comes into view.
The blink frog closely misses you. The komodo dragon barely misses you.
A yak comes into view.
The wolf barely misses you.
A wolf comes into view.
The blink frog closely misses you.
The blink frog blinks!
You hear a howl!
Found a scroll of blinking and 17 gold pieces.
Okay, then.
Really quaff the potion of lignification?
You turn into a tree.
Your scarf of resistance melds into your body.
Your +0 pair of boots melds into your body.
Your +2 ring mail of fire resistance melds into your body.
You feel hot and cold all over.
You feel less resistant to fire.
Your roots penetrate the ground.
The wolf bites you but does no damage.
The komodo dragon bites you but does no damage.
The blink frog blinks!
The wolf bites you but does no damage.
You cannot fly right now.
Unknown command.
As you read the scroll of torment, it crumbles to dust.
You feel a surge of unholy energy.
The wolf convulses!
The blink frog convulses! x2; The komodo dragon convulses!
The wolf convulses! x4
The yak convulses!
The blink frog convulses!
The wolf barely misses you.
The blink frog hits you but does no damage.
The blink frog blinks!
The wolf bites you.
* * * LOW HITPOINT WARNING * * *
The komodo dragon bites you!
* * * LOW HITPOINT WARNING * * *
The wolf bites you but does no damage.
The blink frog hits you but does no damage.
The wolf bites you but does no damage.
Okay, then.
You feel better. The wolf barely misses you. The wolf bites you.
* * * LOW HITPOINT WARNING * * *
The wolf bites you.
You die...

.......... ........#
..≈≈≈......... #.......#
♣..≈≈≈........
#...._..#♣♣...≈≈≈.......
##h....†.♣.....≈≈.......
#.hh..(†..†....Y.≈...F.
#.hh..†..†.......?.....
#####....†....hlh≈.....
#.#........♣hh.≈≈§.
#.#..♣.†..hF§..≈≈≈.
#.##............≈≈≈ ...
.............≈≈ ...
..............≈
.......F..$....
...............
....##♣........


You could see a komodo dragon (very poisoned), a yak, 3 blink frogs and 5
wolves.

Vanquished Creatures
  Joseph (D:8)
  Maurice (D:8)
  A komodo dragon (Lair:1)
  A troll (D:9)
  A polar bear (shapeshifter) (D:9)
  2 shadows
  A yak (D:9)
  A wyvern (D:11)
  A steam dragon (D:8)
  A basilisk (Lair:1)
  Duvessa (D:4)
  2 water moccasins
  6 orc warriors
  A swamp drake (D:9)
  A black bear (D:9)
  A necrophage (D:5)
  2 sky beasts
  7 ogres
  5 centaurs
  20 wolves (Lair:1)
  3 bullfrogs
  A gnoll sergeant (D:9)
  Dowan (D:4)
  6 scorpions
  A water moccasin skeleton (D:5)
  2 wights (D:8)
  6 howler monkeys
  3 centaur zombies
  9 orc priests
  A hound (D:6)
  2 gnoll shamans
  2 iguanas
  3 jellies
  Natasha (thrice) (D:2)
  14 orc wizards
  A hound skeleton (D:4)
  A mummy (D:7)
  3 howler monkey zombies
  14 gnolls
  12 adders
  A shadow imp (D:7)
  3 white imps
  An adder skeleton (D:4)
  2 dart slugs
  36 orcs
  6 bats
  5 endoplasms
  3 giant cockroaches
  7 goblins
  4 hobgoblins
  5 jackals (D:4)
  7 kobolds
  6 quokkas
  12 ball pythons
  2 frilled lizards (D:3)
  5 rats
250 creatures vanquished.

Vanquished Creatures (others)
  A howler monkey (D:8)
  18 fungi (D:9)
  21 plants (D:9)
40 creatures vanquished.

Grand Total: 290 creatures vanquished

Notes
Turn   | Place    | Note
-------+----------+-------------------------------------------
     0 | D:1      | DogServant the Gnoll Venom Mage began the quest for the
                  | Orb.
     0 | D:1      | Reached XP level 1. HP: 13/13 MP: 6/6
    60 | D:1      | Reached XP level 2. HP: 18/19 MP: 0/7
   800 | D:2      | Reached XP level 3. HP: 25/25 MP: 9/9
   877 | D:2      | Reached skill level 5 in Spellcasting
   922 | D:2      | Learned a level 2 spell: Poisonous Vapours
   926 | D:2      | Learned a level 3 spell: Ignite Poison
   930 | D:2      | Learned a level 3 spell: Mephitic Cloud
  1013 | D:2      | Reached skill level 1 in Invocations
  1180 | D:2      | Reached skill level 1 in Fighting
  1180 | D:2      | Reached skill level 1 in Short Blades
  1180 | D:2      | Reached skill level 1 in Long Blades
  1180 | D:2      | Reached skill level 1 in Axes
  1180 | D:2      | Reached skill level 1 in Maces & Flails
  1180 | D:2      | Reached skill level 1 in Polearms
  1180 | D:2      | Reached skill level 1 in Staves
  1180 | D:2      | Reached skill level 1 in Slings
  1180 | D:2      | Reached skill level 1 in Bows
  1180 | D:2      | Reached skill level 1 in Crossbows
  1180 | D:2      | Reached skill level 1 in Throwing
  1180 | D:2      | Reached skill level 1 in Armour
  1180 | D:2      | Reached skill level 1 in Shields
  1180 | D:2      | Reached skill level 1 in Unarmed Combat
  1180 | D:2      | Reached skill level 1 in Evocations
  1236 | D:2      | Reached XP level 4. HP: 32/32 MP: 8/11
  1718 | D:2      | Reached skill level 1 in Conjurations
  1718 | D:2      | Reached skill level 1 in Hexes
  1718 | D:2      | Reached skill level 1 in Summonings
  1718 | D:2      | Reached skill level 1 in Necromancy
  1718 | D:2      | Reached skill level 1 in Translocations
  1718 | D:2      | Reached skill level 1 in Fire Magic
  1718 | D:2      | Reached skill level 1 in Ice Magic
  1718 | D:2      | Reached skill level 1 in Air Magic
  1718 | D:2      | Reached skill level 1 in Earth Magic
  1718 | D:2      | Reached XP level 5. HP: 19/37 MP: 5/12
  2145 | D:2      | Learned a level 4 spell: Olgreb's Toxic Radiance
  2342 | D:2      | Found a white marble altar of Elyvilon.
  2494 | D:2      | Noticed Natasha
  2504 | D:2      | Killed Natasha
  2688 | D:2      | Noticed Natasha
  2693 | D:2      | Killed Natasha
  2703 | D:2      | Noticed Natasha
  2721 | D:2      | Killed Natasha
  2818 | D:2      | Reached XP level 6. HP: 35/44 MP: 8/13
  3108 | D:2      | Found a white marble altar of Elyvilon.
  3852 | D:3      | Reached skill level 5 in Dodging
  4073 | D:3      | Found a hide-covered altar of Uskayaw.
  4074 | D:3      | Noticed a +0 hand axe
  4075 | D:3      | Noticed a +0 hand axe
  4272 | D:3      | Found a burning altar of Makhleb.
  4274 | D:3      | Found a shimmering blue altar of Sif Muna.
  4274 | D:3      | Found a glowing silver altar of Zin.
  4288 | D:3      | Found a hazy altar of Hepliaklqana.
  4288 | D:3      | Found a shimmering altar of Xom.
  4288 | D:3      | Found an ornate altar of the Wu Jian Council.
  4705 | D:4      | Reached XP level 7. HP: 43/50 MP: 15/15
  5034 | D:4      | Noticed Dowan
  5035 | D:4      | Noticed Duvessa
  5048 | D:4      | Killed Duvessa
  5061 | D:4      | Killed Dowan
  5375 | D:4      | Reached skill level 5 in Stealth
  5567 | D:4      | Reached XP level 8. HP: 57/57 MP: 4/16
  5749 | D:4      | Found a sacrificial altar of Ru.
  5908 | D:5      | Entered Level 5 of the Dungeon
  5925 | D:5      | Noticed Menkaure
  5977 | D:5      | Reached skill level 6 in Spellcasting
  6710 | D:5      | Found a hazy altar of Hepliaklqana.
  6777 | D:5      | Found a broken altar of Ashenzari.
  7005 | D:5      | Noticed Grinder
  7280 | D:6      | Found a glowing silver altar of Zin.
  7307 | D:6      | Found an opulent altar of Gozag.
  7326 | D:6      | Reached XP level 9. HP: 58/65 MP: 5/18
  7567 | D:6      | Found an iron altar of Okawaru.
  7576 | D:6      | Became a worshipper of Warmaster Okawaru
  8018 | D:6      | Found a staircase to the Ecumenical Temple.
  8033 | D:6      | Identified the +7 flail of Ascent {vorpal, rElec rC- rCorr
                  | SInv}
  9005 | D:7      | Found a snail-covered altar of Cheibriados.
  9139 | D:8      | Reached * piety under Okawaru
  9512 | D:8      | Noticed Maurice
  9519 | D:8      | Noticed Joseph
  9548 | D:8      | Killed Joseph
  9549 | D:8      | Reached skill level 5 in Invocations
  9555 | D:8      | Killed Maurice
  9556 | D:8      | Reached skill level 7 in Spellcasting
  9556 | D:8      | Reached XP level 10. HP: 45/73 MP: 1/20
  9778 | D:8      | Reached ** piety under Okawaru
  9779 | D:8      | Reached skill level 5 in Fighting
  9779 | D:8      | Reached skill level 5 in Short Blades
  9779 | D:8      | Reached skill level 5 in Long Blades
  9779 | D:8      | Reached skill level 5 in Axes
  9779 | D:8      | Reached skill level 5 in Maces & Flails
  9779 | D:8      | Reached skill level 5 in Polearms
  9779 | D:8      | Reached skill level 5 in Staves
  9779 | D:8      | Reached skill level 5 in Slings
  9779 | D:8      | Reached skill level 5 in Bows
  9779 | D:8      | Reached skill level 5 in Crossbows
  9779 | D:8      | Reached skill level 5 in Throwing
  9779 | D:8      | Reached skill level 5 in Armour
  9779 | D:8      | Reached skill level 5 in Shields
  9779 | D:8      | Reached skill level 5 in Unarmed Combat
  9779 | D:8      | Reached skill level 5 in Evocations
 10650 | D:8      | Learned a level 3 spell: Stone Arrow
 10655 | D:8      | Learned a level 4 spell: Airstrike
 10788 | D:9      | Found a staircase to the Orcish Mines.
 10797 | D:9      | Reached skill level 5 in Transmutations
 11063 | D:9      | Reached *** piety under Okawaru
 11221 | D:9      | Found Ruemij's Armour Shoppe.
 11487 | D:9      | Found a staircase to the Lair.
 11655 | D:9      | Found a stormy altar of Qazlal.
 11870 | D:10     | Entered Level 10 of the Dungeon
 11968 | D:10     | Received a gift from Okawaru
 11969 | D:10     | Reached XP level 11. HP: 80/81 MP: 10/22
 12171 | D:10     | Found a basalt altar of Yredelemnul.
 12536 | Lair:1   | Entered Level 1 of the Lair of Beasts
 12562 | Lair:1   | Reached **** piety under Okawaru
 12772 | Lair:1   | Found an iron altar of Okawaru.
 12785 | Lair:1   | Reached skill level 8 in Spellcasting
 12785 | Lair:1   | Reached skill level 5 in Conjurations
 12785 | Lair:1   | Reached skill level 5 in Hexes
 12785 | Lair:1   | Reached skill level 5 in Summonings
 12785 | Lair:1   | Reached skill level 5 in Necromancy
 12785 | Lair:1   | Reached skill level 5 in Translocations
 12785 | Lair:1   | Reached skill level 5 in Fire Magic
 12785 | Lair:1   | Reached skill level 5 in Ice Magic
 12785 | Lair:1   | Reached skill level 5 in Air Magic
 12785 | Lair:1   | Reached skill level 5 in Earth Magic
 12785 | Lair:1   | Received a gift from Okawaru
 12801 | Lair:1   | HP: 4/121 [komodo dragon (15)]
 12802 | Lair:1   | Slain by a wolf

Illustrated notes

Levels and vault maps discovered:
D:1:      minmay_arrival_arboretum_small, layout_rooms
D:2:      layout_loops_cross, basic_altar, minmay_snake_closets, uniq_natasha
D:3:      layout_loops_ring, doesnt_xom_only_xom, dancing_weapons_uskayaw,
          minivault_24, st_stairs_1
D:4:      layout_loops_ring, nicolae_ru_path_of_blood, nrook_uturn,
          columned_hall_lemuel, uniq_duvessa
D:5:      layout_loops_ring, lemuel_coloured_pillars_altar,
          cheibrodos_ashenzari_chains, minmay_misc_feat_roman, uniq_grinder,
          uniq_menkaure
D:6:      layout_cave_pools, pdpol_temple_overflow_zin_treasury_gozag_greed,
          nicolae_overflow_crystal_walls, minmay_temple_entry_mini_moons
D:7:      layout_basic, slow_altar_2, hangedman_abyss_or_decor_passed
D:8:      wad_river_or_something, layout_basic, uniq_prince_ribbit1,
          uniq_joseph, uniq_maurice
D:9:      layout_small_grid, lemuel_doored_altar,
          grunt_lair_entry_orc_guard_hut, erik_orc_1, serial_shops,
          nicolae_shop_crystal, small_chamber_with_monster
D:10:     layout_big_octagon, yredelemnul_altar_generic
D:11:     layout_grid_maze
Lair:1:   layout_gridlike, special_room [special_room_bee], basic_altar,
          serial_bayou, serial_bayou_shore_a, serial_bayou_lagoon_a,
          serial_bayou_ford_a, serial_bayou_pond_e, grunt_forest_large_clearings

Skill      XL: |  1  2  3  4  5  6  7  8  9 10 11 |
---------------+----------------------------------+-----
Transmutations | 2 3 4 5 |  5.6
Spellcasting   | 5 6 7 8 |  8.1
Invocations    | 1 2 3 4 5 6 |  6.9
Fighting       | 1 2 3 4 5 6 |  6.2
Short Blades   | 1 2 3 4 5 6 |  6.2
Long Blades    | 1 2 3 4 5 6 |  6.2
Axes           | 1 2 3 4 5 6 |  6.2
Maces & Flails | 1 2 3 4 5 6 |  6.2
Polearms       | 1 2 3 4 5 6 |  6.2
Staves         | 1 2 3 4 5 6 |  6.2
Slings         | 1 2 3 4 5 6 |  6.2
Bows           | 1 2 3 4 5 6 |  6.2
Crossbows      | 1 2 3 4 5 6 |  6.2
Throwing       | 1 2 3 4 5 6 |  6.2
Armour         | 1 2 3 4 5 6 |  6.2
Shields        | 1 2 3 4 5 6 |  6.2
Unarmed Combat | 1 2 3 4 5 6 |  6.2
Evocations     | 1 2 3 4 5 6 |  6.2
Conjurations   | 1 2 3 4 5 |  5.2
Hexes          | 1 2 3 4 5 |  5.2
Summonings     | 1 2 3 4 5 |  5.2
Necromancy     | 1 2 3 4 5 |  5.2
Translocations | 1 2 3 4 5 |  5.2
Fire Magic     | 1 2 3 4 5 |  5.2
Ice Magic      | 1 2 3 4 5 |  5.2
Air Magic      | 1 2 3 4 5 |  5.2
Earth Magic    | 1 2 3 4 5 |  5.2
Dodging        | 5 6 7 |  7.8
Stealth        | 5 6 7 |  7.6
Poison Magic   | 6 7 |  7.6

Action                   |  1- 3 |  4- 6 |  7- 9 | 10-12 || total
-------------------------+-------+-------+-------+-------++-------
Melee: Unarmed           |    13 |       |       |       ||    13
       Bite              |     3 |     7 |    12 |     5 ||    27
       Dagger            |    19 |    19 |       |       ||    38
       Whip              |       |    32 |    35 |       ||    67
       Punch             |       |     2 |     2 |     2 ||     6
       Rapier            |       |       |    56 |       ||    56
       Flail             |       |       |    34 |    58 ||    92
Throw: Throwing net      |       |       |     1 |       ||     1
 Cast: Sting             |    36 |    47 |    30 |     8 ||   121
       Poisonous Vapours |       |    20 |    40 |    37 ||    97
       Ignite Poison     |       |     4 |    24 |    17 ||    45
       Olgreb's Toxic Ra |       |     5 |    11 |    14 ||    30
       Mephitic Cloud    |       |       |    12 |     5 ||    17
       Stone Arrow       |       |       |       |    18 ||    18
       Airstrike         |       |       |       |     3 ||     3
Invok: Heroism           |       |       |     1 |     2 ||     3
Evoke: Wand              |       |       |       |     4 ||     4
  Use: Potion            |       |       |     1 |     5 ||     6
       Scroll            |       |       |    17 |     5 ||    22
 Stab: Sleeping          |     6 |     1 |     7 |       ||    14
Armor: Robe              |     7 |    18 |    38 |     5 ||    68
       Ring mail         |       |       |       |    29 ||    29
       Skin              |       |       |       |     7 ||     7
Dodge: Dodged            |    26 |    40 |    98 |    98 ||   262

Table legend: (Time is in decaauts)
 A = Elapsed time spent in this place.
 B = Non-inter-level travel time spent in this place.
 C = Inter-level travel time spent in this place.
 D = Time resting spent in this place.
 E = Time spent auto-exploring this place.
 F = Levels seen in this place.
 G = Mean time per level.
                   A        B        C        D        E       F      G
               +--------+--------+--------+--------+--------+-----+--------+
         Total |  12812 |  12491 |    321 |   2402 |   8389 |  12 | 1067.7 |
       Dungeon |  12545 |  12225 |    320 |   2218 |   8355 |  11 | 1140.5 |
          Lair |    266 |    266 |      0 |    184 |     34 |   1 |  266.0 |
               +--------+--------+--------+--------+--------+-----+--------+

Top non-repeatable levels by time:
     D:2: 2684 daAuts
     D:9: 1488 daAuts
     D:4: 1332 daAuts
     D:8: 1330 daAuts
     D:5: 1144 daAuts
     D:6: 1084 daAuts
     D:3: 1011 daAuts
     D:7: 954 daAuts
     D:1: 875 daAuts
    D:10: 606 daAuts
  Lair:1: 266 daAuts
    D:11: 33 daAuts
